 Dungeon Crawl Stone Soup version 0.32-a0-859-gb0a091d592 (webtiles) character file.

Game seed: 15888883443554971806

136038 zenocrate the Martial Artist (level 17, -4/220 HPs)
             Began as an Octopode Earth Elementalist on Mar 27, 2024.
             Was an Initiate of Gozag.
             Killed from afar by a will-o-the-wisp (7 damage)
             ... with a foxfire
             ... on level 4 of the Swamp.
             The game lasted 00:59:00 (38657 turns).

zenocrate the Martial Artist (OpEE)                Turns: 38657, Time: 00:59:01

Health: -4/220     AC: 14    Str: 18    XL:     17   Next: 20%
Magic:  0/27       EV: 30    Int: 19    God:    Gozag
Gold:   482        SH:  8    Dex: 17    Spells: 5/30 levels left

rFire   . .          .
                       - Unarmed
rCold   . . .        (shield currently unavailable)
rNeg    . . .        I - melded +2 hat
rPois   +            L - brooch of Shielding {Spirit SH+8}
rElec   .            j - ring of willpower
rCorr   +            p - +6 ring of strength
SInv    .            w - +5 ring of evasion
Will    ++...        x - +5 ring of evasion Stlth
                     F - +5 ring of evasion
HPRegen 0.56/turn    G - ring of poison resistance
MPRegen 0.20/turn    H - +4 ring of protection
                     u - ring of resist corrosion

%: guardian spirit
@: berserking (expiring), snake-form, gold aura, studying Earth Magic, very
quick
A: constrict, boosted hp, almost no armour, amphibious, 8 rings, large,
(camouflage 1), (gelatinous body 1), (nimble swimmer 1), (tentacles), (tentacle
spike 1), weak 1
a: Begin Untransformation, Renounce Religion, Potion Petition, Call Merchant,
Bribe Branch


You were on level 4 of the Swamp.
You worshipped Gozag.
Gozag was aware of your devotion.
You were an enormous serpent.
You visited 6 branches of the dungeon, and saw 27 of its levels.

You collected 9539 gold pieces.
You spent 4410 gold pieces at shops.
You paid 4647 gold pieces to Gozag.

Inventory:

Missiles
 n - 3 throwing nets
Armour
 o - a +2 tower shield
 y - a +0 kite shield
 I - a +2 hat (melded)
Magical Staves
 b - a staff of conjuration
 B - a staff of cold
Jewellery
 j - a ring of willpower (left tentacle)
 k - a ring of protection from cold
 p - a +6 ring of strength (right tentacle)
 u - a ring of resist corrosion (on tentacle)
 w - a +5 ring of evasion (on tentacle)
 x - a +5 ring of evasion (on tentacle)
 F - a +5 ring of evasion (on tentacle)
 G - a ring of poison resistance (on tentacle)
 H - a +4 ring of protection (on tentacle)
 L - the brooch of Shielding (around neck) {Spirit SH+8}
   (You bought it in a shop on level 11 of the Dungeon)

   [amulet of guardian spirit]

   Spirit:    It causes incoming damage to be divided between your reserves of
   health and magic.
   SH+8:      It affects your SH (+8).
 R - a ring of fire
 T - the ring of the Original Sin {Fire Will+ Dex+2}
   (You found it on level 3 of the Lair of Beasts)

   [ring of fire]

   Fire:      It enhances your fire magic.
   Dex+2:     It affects your dexterity (+2).
   rF+:       It protects you from fire.
   rC-:       It makes you vulnerable to cold.
   Will+:     It increases your willpower.
Talismans
 e - a serpent talisman (active)
 z - the dragon-blood talisman of Togo {Dex+3 Stlth+}
   (You found it on level 1 of the Swamp)

   [dragon-blood talisman]

   Dex+3:     It affects your dexterity (+3).
   Stlth+:    It makes you more stealthy.
 C - a blade talisman
Wands
 r - a wand of charming (21)
 v - a wand of flame (13)
 A - a wand of digging (8)
 D - a wand of warping (24)
Scrolls
 a - 3 scrolls of revelation
 c - 3 scrolls of teleportation
 d - 7 scrolls of identify
 l - 6 scrolls of immolation
 m - a scroll of summoning
 q - 2 scrolls of vulnerability
 U - a scroll of fog
Potions
 f - a potion of berserk rage
 g - a potion of resistance
 i - 3 potions of attraction
 s - 5 potions of curing
 t - a potion of magic
 K - 5 potions of enlightenment
 M - 4 potions of might
 N - a potion of mutation
 O - 2 potions of heal wounds
 P - a potion of lignification
 Q - 9 potions of brilliance
 V - a potion of cancellation
Miscellaneous
 E - a lightning rod (inert)
 J - a phial of floods (inert)
 S - a phantom mirror


   Skills:
 * Level 13.2 Fighting
 + Level 11.5 Dodging
 - Level 6.0 Stealth
 - Level 5.4 Shields
 + Level 14.4 Unarmed Combat
 - Level 7.1 Spellcasting
 - Level 7.4 Conjurations
 + Level 3.8 Hexes
 + Level 12.3 Earth Magic
 - Level 6.0 Evocations
 + Level 11.9 Shapeshifting


You had 5 spell levels left.
You knew the following spells:

 Your Spells              Type           Power      Damage    Failure   Level
a - Stone Arrow           Conj/Erth      88%        3d12      1%          3
b - Cause Fear            Hex            10%        N/A       21%         4
c - Tukima's Dance        Hex            21%        N/A       6%          3
d - Petrify               Alch/Erth      30%        N/A       8%          4
e - Leda's Liquefaction   Alch/Erth      15%        N/A       8%          4
f - Vhi's Electric Charg  Tloc/Air       12%        N/A       69%         4
z - Passwall              Erth           52%        N/A       1%          3

Your spell library contained the following spells:

 Spells                   Type           Power      Damage    Failure   Level
 Sandblast                Erth           100%       2d20      1%          1
 Brom's Barrelling Bould  Conj/Erth      44%        2d6       1%          4
 Hailstorm                Conj/Ice       20%        3d7       7%          3
 Freeze                   Ice            24%        1d4       10%         1
 Mephitic Cloud           Conj/Alch/Air  16%        N/A       11%         3
 Cigotuvi's Dreadful Rot  Necr/Alch/Air  12%        N/A       16%         2
 Mercury Vapours          Alch/Air       12%        N/A       16%         2
 Iskenderun's Mystic Bla Conj/Tloc 20%            2d6        (+2d3     22%         4
 Frozen Ramparts          Ice            12%        1d2       30%         3
 Anguish                  Hex/Necr       7%         N/A       41%         4
 Dimensional Bullseye     Hex/Tloc       7%         N/A       41%         4
 Arcjolt                  Conj/Air       10%        1d20      52%         5
 Ignite Poison            Fire/Alch      6%         N/A       69%         4
 Freezing Cloud           Conj/Ice/Air   8%         6-21      69%         5
 Metabolic Englaciation   Hex/Ice        7%         N/A       77%         5
 Plasma Beam              Fire/Air       3%         2x1d13    100%        6
 Enfeeble                 Hex            10%        N/A       100%        7
 Haunt                    Necr/Summ      3%         N/A       100%        7
 Infestation              Necr           3%         N/A       100%        8
 Animate Dead             Necr           Unusable   N/A       N/A         4

Dungeon Overview and Level Annotations

Branches:
Dungeon (14/15)            Temple (1/1) D:5            Lair (5/5) D:11
  Swamp (4/4) Lair:3       Spider (0/4) Lair:3        Slime (0/5) Lair:5
    Orc (2/2) D:11            Elf (1/3) Orc:2        Vaults (0/5) D:13

Altars:
Ashenzari
Cheibriados
Dithmenos
Elyvilon
Fedhas
Gozag
Hepliaklqana
Kikubaaqudgha
Makhleb
Nemelex Xobeh
Okawaru
Qazlal
Ru
Sif Muna
Trog
Uskayaw
Vehumet
Wu Jian
Xom
Yredelemnul
Zin
The Shining One
Beogh

Shops:
D:11 =   Orc:2 ([:*   Lair:1 :!?*

Annotations:
Lair:4 3 runed translucent doors, gosagan's ghost, journeyman OnRe
Swamp:3 1 runed translucent door, AutarchDCSS's ghost, adept VSAr


Innate Abilities, Weirdness & Mutations

You are an enormous serpent.
You have a powerful constriction melee attack.
Your maximum health is increased.
Your armour is entirely melded.
You are incapable of wielding weapons or throwing items.
You cannot wear most types of armour.
You are amphibious.
You can wear up to eight rings at the same time.
((Your skin changes colour to match your surroundings (Stealth+).))
((Your rubbery body absorbs attacks. (AC +1, EV +1)))
((You are camouflaged when in or above water. (Stealth+)))
((You have tentacles for arms and can constrict up to eight enemies at once.))
((One of your tentacles bears a spike.))
You are weak. (Str -2)


Message History

The five-headed hydra is distracted by your dazzling golden aura.
The will-o-the-wisp gestures.
The will-o-the-wisp conjures some marshlight! 2 foxfires come into view.
Unknown command.
You closely miss the thorn hunter.
The five-headed hydra roars!
Your grab misses the thorn hunter. The foxfire hits you!
* * * LOW HITPOINT WARNING * * *
You block the thorn hunter's attack. The thorn hunter hits you!
* * * LOW HITPOINT WARNING * * *
Unknown command.
You body-slam the thorn hunter!!
You grab the thorn hunter.
The thorn hunter is lightly damaged.
You constrict the thorn hunter.
The five-headed hydra is no longer distracted by gold.
The foxfire hits you!!
* * * LOW HITPOINT WARNING * * *
The five-headed hydra misses you.
You block the five-headed hydra's attack.
The five-headed hydra bites you but does no damage.
The five-headed hydra barely misses you.
The five-headed hydra completely misses you.
The will-o-the-wisp gestures.
The will-o-the-wisp conjures some marshlight!
The thorn hunter completely misses you. The thorn hunter hits you.
* * * LOW HITPOINT WARNING * * *
2 foxfires come into view.
You body-slam the thorn hunter!!
The thorn hunter is heavily damaged.
You constrict the thorn hunter. The foxfire hits you!
* * * LOW HITPOINT WARNING * * *
Unknown command.
You hit the thorn hunter.
The thorn hunter is heavily damaged.
You constrict the thorn hunter.
The goliath frog is no longer distracted by gold.
The foxfire hits you!
You die...
Your body crumbles into a pile of gold.

~~~~~~~..~.~~~~♣♣
~~~~~~~)~♣.~~.♣♣
~~..~~~[♣♣♣.~♣♣
.~~~.~~~.♣♣♣♣♣
~~~..§~~~.♣~♣♣
~~~~~~.~~.♣..♣
~~~~~~.♣♣♣F~~♣♣
~~[~~~...~..~.♣
..♣♣...~~~§vS~♣
.~......~~§vDf♣♣ ♣♣♣♣♣♣
♣~~~~..~~§~DkD♣♣.....♣♣
♣♣.~~~~~~~~~$~~.§~....~
~~~§~.~.~..~D~.~§~~.♣
~~~~.§~~~~.~♣~♣D..~.♣
~~~§♣..§~.~.§....~..
~~♣~♣♣~..##k##..~♣~ $.
♣~♣##.Dk #♣..~


You could see a thorn hunter, a six-headed hydra, a five-headed hydra (strong),
a four-headed hydra (strong), 2 swamp dragons, a goliath frog (strong), a
will-o-the-wisp and 2 swamp drakes.

Vanquished Creatures
  Gastronok (Lair:1)
  A thorn hunter (Swamp:2)
  Kirke (Lair:4)
  A tengu reaver (D:13)
  2 fenstrider witches (Swamp:2)
  3 orc warlords
  5 eleionomae
  5 bunyips
  The ghost of Sesiytys the Covert, a journeyman HuWn of Dithmenos (Lair:3)
  Snorg (Orc:1)
  A shambling mangrove (Swamp:3)
  10 hydras
  Harold (Lair:1)
  2 catoblepae
  2 ogre magi
  7 alligators
  A centaur warrior (D:14)
  A dancing weapon (Orc:2)
  4 boulder beetles
  8 two-headed ogres
  16 death yaks
  A tengu warrior (D:13)
  An orc high priest (Orc:2)
  A hell hog (Lair:5)
  3 spriggan berserkers (Swamp:2)
  Nergalle (Orc:1)
  5 skysharks
  A fire crab (Lair:5)
  3 goliath frogs
  A fire crab (shapeshifter) (D:13)
  4 spriggan druids
  3 bog bodies
  3 deep elf archers (Elf:1)
  2 swamp dragons
  3 orc knights (Orc:2)
  11 ugly things (D:14)
  4 deep elf pyromancers
  7 deep elf zephyrmancers
  A cyclops (D:11)
  5 orc sorcerers
  2 manticores
  A will-o-the-wisp (Swamp:2)
  A meliai (shapeshifter) (D:14)
  3 kobold blastminers
  6 elephants (Lair:5)
  Joseph (Lair:1)
  4 black mambas
  8 cane toads
  A gargoyle (D:12)
  2 unseen horrors
  8 rime drakes
  8 komodo dragons
  An efreet (D:13)
  11 polar bears (Lair:5)
  7 tyrant leeches
  8 trolls
  A troll (shapeshifter) (D:14)
  9 hornets
  Grinder (D:4)
  4 raiju
  20 blink frogs
  5 dream sheep
  10 slime creatures (D:12)
  2 culicivoras (Lair:3)
  A water elemental (D:11)
  3 shadows
  3 wraiths
  5 spriggans
  5 basilisks
  2 fire elementals (D:12)
  53 yaks
  3 fire bats (D:12)
  3 wyverns
  3 hogs (Lair:4)
  2 steam dragons
  8 wargs
  A human (D:11)
  5 vampire mosquitoes
  2 acid dragons
  13 swamp worms
  13 water moccasins
  A swamp drake (Swamp:2)
  16 hell hounds
  34 orc warriors
  A sky beast (D:6)
  3 ice beasts
  2 black mamba simulacra (Lair:3)
  12 black bears
  41 wolves
  8 ogres
  2 phantoms (D:5)
  5 centaurs
  A kobold brigand (D:7)
  10 bullfrogs
  A gnoll sergeant (D:7)
  3 scorpions
  A cane toad simulacrum (Lair:3)
  5 wights (D:7)
  A blink frog simulacrum (Lair:3)
  7 killer bees
  7 electric eels
  6 howler monkeys
  2 lava snakes (D:12)
  3 bombardier beetles
  9 hounds
  2 jellies
  18 orc priests
  2 gnoll boudas
  5 iguanas
  A sleepcap (D:6)
  7 hell rats (Lair:4)
  22 orc wizards
  A polar bear simulacrum (Lair:3)
  A basilisk simulacrum (Lair:3)
  5 adders
  14 gnolls
  2 shadow imps
  3 white imps
  2 ufetubi (D:5)
  3 ribbon worms
  2 dart slugs
  75 orcs
  2 endoplasms
  3 giant cockroaches
  13 goblins
  11 hobgoblins
  2 jackals (D:4)
  3 quokkas
  10 ball pythons
  3 bats
  14 kobolds
  11 rats
801 creatures vanquished.

Vanquished Creatures (collateral kills)
  A yak (D:9)
  An acid dragon (D:8)
  An ogre (D:7)
  A gnoll sergeant (D:7)
  A gnoll bouda (D:7)
  2 gnolls (D:7)
7 creatures vanquished.

Vanquished Creatures (others)
  A deep elf knight (Elf:1)
  A troll (D:10)
  3 bloated husks
  A human (Lair:4)
  2 yaks (D:9)
  A swamp worm (Swamp:2)
  A killer bee (D:8)
  2 orc wizards
  6 foxfires (Swamp:4)
  A spectral weapon (Swamp:1)
19 creatures vanquished.

Grand Total: 827 creatures vanquished

Notes
Turn   | Place    | Note
-------+----------+-------------------------------------------
     0 | D:1      | zenocrate the Octopode Earth Elementalist began the quest
                  | for the Orb.
     0 | D:1      | Reached XP level 1. HP: 11/11 MP: 3/3
    48 | D:1      | Found a faded altar of an unknown god.
   145 | D:1      | Reached XP level 2. HP: 18/18 MP: 1/5
   385 | D:1      | Reached XP level 3. HP: 14/22 MP: 2/6
  1169 | D:1      | Learned a level 3 spell: Stone Arrow
  1202 | D:2      | Reached skill level 1 in Fighting
  1431 | D:2      | Reached XP level 4. HP: 28/28 MP: 4/7
  2175 | D:2      | Learned a level 3 spell: Tukima's Dance
  2318 | D:3      | Reached XP level 5. HP: 9/33 MP: 1/8
  2622 | D:3      | Found a snail-covered altar of Cheibriados.
  3066 | D:4      | Reached XP level 6. HP: 33/39 MP: 10/10
  3607 | D:4      | Learned a level 3 spell: Passwall
  3663 | D:4      | Noticed Grinder
  3671 | D:4      | Killed Grinder
  3672 | D:4      | Reached skill level 5 in Earth Magic
  3672 | D:4      | Reached XP level 7. HP: 19/45 MP: 1/12
  4512 | D:5      | Entered Level 5 of the Dungeon
  4712 | D:5      | Reached XP level 8. HP: 37/52 MP: 0/13
  4869 | D:5      | Found a shimmering blue altar of Sif Muna.
  4889 | D:5      | Found a staircase to the Ecumenical Temple.
  4897 | Temple   | Entered the Ecumenical Temple
  4928 | Temple   | Became a worshipper of Gozag Ym Sagoz the Greedy
  5474 | D:5      | Learned a level 4 spell: Petrify
  6277 | D:6      | Reached skill level 5 in Fighting
  6277 | D:6      | Reached XP level 9. HP: 61/61 MP: 8/15
  6519 | D:7      | Reached skill level 5 in Dodging
  7212 | D:7      | Reached skill level 5 in Spellcasting
  7239 | D:7      | Found a shimmering altar of Xom.
  7464 | D:7      | Found an ornate altar of the Wu Jian Council.
  7569 | D:7      | Reached skill level 5 in Conjurations
  8273 | D:8      | Reached skill level 1 in Evocations
  8273 | D:8      | Reached XP level 10. HP: 62/69 MP: 0/18
  8708 | D:8      | Found a faded altar of an unknown god.
  8711 | D:8      | Found a hazy altar of Hepliaklqana.
  8711 | D:8      | Found a faded altar of an unknown god.
  9481 | D:9      | Paralysed by a hornet for 1 turns
  9615 | D:9      | Found a shadowy altar of Dithmenos.
  9823 | D:9      | Found the +18 Lear's hauberk
 10923 | D:10     | Entered Level 10 of the Dungeon
 10930 | D:10     | Reached skill level 1 in Shields
 11311 | D:10     | Found an iron altar of Okawaru.
 11504 | D:10     | Reached XP level 11. HP: 76/76 MP: 13/20
 12504 | D:10     | Reached skill level 1 in Unarmed Combat
 12504 | D:10     | Reached skill level 1 in Shapeshifting
 12637 | D:11     | Found a staircase to the Orcish Mines.
 12685 | D:11     | Reached skill level 2 in Unarmed Combat
 12739 | D:11     | Noticed a cyclops
 12752 | D:11     | Killed a cyclops
 12929 | D:11     | Reached skill level 3 in Unarmed Combat
 13144 | D:11     | Paralysed by a hornet for 2 turns
 13322 | D:11     | Reached skill level 4 in Unarmed Combat
 13756 | D:11     | Learned a level 4 spell: Leda's Liquefaction
 13829 | D:11     | Noticed a manticore
 13835 | D:11     | Killed a manticore
 13836 | D:11     | Reached skill level 5 in Unarmed Combat
 13910 | D:11     | Found a staircase to the Lair.
 13936 | D:11     | Found Susm's Jewellery Emporium.
 13941 | D:11     | Bought a +5 ring of evasion for 504 gold pieces
 13941 | D:11     | Bought a ring of poison resistance for 280 gold pieces
 13941 | D:11     | Bought a +4 ring of protection for 504 gold pieces
 14147 | D:11     | Noticed a two-headed ogre
 14151 | D:11     | Killed a two-headed ogre
 14380 | D:11     | Noticed a boulder beetle
 14445 | D:11     | Killed a boulder beetle
 14446 | D:11     | Reached skill level 6 in Unarmed Combat
 15107 | Lair:1   | Entered Level 1 of the Lair of Beasts
 15121 | Lair:1   | Reached XP level 12. HP: 82/82 MP: 8/21
 15269 | Lair:1   | Noticed a boulder beetle
 15270 | Lair:1   | Reached skill level 5 in Shapeshifting
 15307 | Lair:1   | Killed a boulder beetle
 15308 | Lair:1   | Reached skill level 7 in Unarmed Combat
 15434 | Lair:1   | Noticed Gastronok
 15494 | Lair:1   | Killed Gastronok
 15495 | Lair:1   | Reached skill level 8 in Unarmed Combat
 15761 | Lair:1   | Noticed Harold
 15770 | Lair:1   | Killed Harold
 16219 | Lair:1   | Noticed Joseph
 16228 | Lair:1   | Killed Joseph
 16229 | Lair:1   | Reached skill level 9 in Unarmed Combat
 17017 | D:11     | Bought the brooch of Shielding {Spirit SH+8} for 910 gold
                  | pieces
 17017 | D:11     | Found the brooch of Shielding {Spirit SH+8}
 17045 | Lair:2   | Noticed a death yak
 17045 | Lair:2   | Noticed a death yak
 17045 | Lair:2   | Noticed a death yak
 17045 | Lair:2   | Noticed a death yak
 17045 | Lair:2   | Noticed a death yak
 17045 | Lair:2   | Noticed a death yak
 17064 | Lair:1   | Killed a death yak
 17081 | Lair:1   | Killed a death yak
 17082 | Lair:1   | Reached skill level 10 in Unarmed Combat
 17876 | Lair:1   | Killed a death yak
 17877 | Lair:1   | Reached XP level 13. HP: 56/88 MP: 1/22
 18076 | Lair:1   | Reached skill level 11 in Unarmed Combat
 18249 | Lair:2   | Reached skill level 5 in Evocations
 19681 | Lair:3   | Found a staircase to the Swamp.
 19887 | Lair:3   | Noticed Sesiytys's ghost (journeyman HuWn)
 20409 | Lair:3   | Reached skill level 5 in Stealth
 20758 | Lair:3   | Found a hole to the Spider Nest.
 20769 | Lair:3   | Found a runed translucent gate.
 20769 | Lair:3   | Found a runed translucent gate.
 20769 | Lair:3   | Found a runed translucent gate.
 21143 | Lair:3   | Found a glowing golden altar of the Shining One.
 21410 | Lair:3   | Reached skill level 12 in Unarmed Combat
 21626 | Lair:3   | Killed Sesiytys's ghost
 21822 | Lair:3   | Got the ring of the Original Sin {Fire Will+ Dex+2}
 21853 | Lair:3   | Learned a level 4 spell: Vhi's Electric Charge
 22108 | Lair:4   | Noticed Kirke
 22115 | Lair:4   | Reached XP level 14. HP: 95/95 MP: 2/23
 22124 | Lair:4   | Killed Kirke
 22315 | Lair:4   | Found a runed translucent gate.
 22315 | Lair:4   | Found a runed translucent gate.
 22315 | Lair:4   | Found a runed translucent gate.
 22316 | Lair:4   | Noticed gosagan's ghost (journeyman OnRe)
 23343 | Lair:5   | Entered Level 5 of the Lair of Beasts
 24066 | Lair:4   | Reached skill level 5 in Shields
 24348 | Lair:1   | Bought a scroll of blinking for 127 gold pieces
 24348 | Lair:1   | Bought a scroll of vulnerability for 68 gold pieces
 25120 | Lair:5   | Reached skill level 10 in Shapeshifting
 25523 | Lair:5   | Found a staircase to the Slime Pits.
 25974 | Lair:5   | Reached XP level 15. HP: 81/103 MP: 21/25
 26218 | Lair:5   | Identified the maw talisman of the Thoughtful Beasts {rN+
                  | Str-4 Int+3}
 26267 | Lair:5   | Reached skill level 10 in Fighting
 26271 | Lair:5   | Reached skill level 13 in Unarmed Combat
 26614 | Lair:1   | Bought a manual of Earth Magic for 960 gold pieces
 26747 | Orc:1    | Entered Level 1 of the Orcish Mines
 26831 | Orc:1    | Noticed Nergalle
 26833 | Orc:1    | Noticed Snorg
 26843 | Orc:1    | Killed Nergalle
 26855 | Orc:1    | Killed Snorg
 27488 | Orc:2    | Entered Level 2 of the Orcish Mines
 27488 | Orc:2    | Noticed an orc warlord
 27492 | Orc:2    | Killed an orc warlord
 28113 | Orc:2    | Found a roughly hewn altar of Beogh.
 28118 | Orc:2    | Noticed an orc warlord
 28277 | Orc:1    | Killed an orc warlord
 28566 | Orc:2    | Noticed an orc warlord
 28591 | Orc:2    | Killed an orc warlord
 28592 | Orc:2    | Reached skill level 10 in Dodging
 28607 | Orc:2    | HP: 5/105 [orc warrior/+0 glaive[an orc warlord] (19)]
 29090 | Orc:2    | Found a staircase to the Elven Halls.
 29298 | Orc:2    | Found Zidoucid's General Store.
 29305 | Orc:2    | Bought a scroll of revelation for 97 gold pieces
 29314 | Orc:2    | Found Qesez's Book Boutique.
 29330 | Orc:2    | Found Vempuc's Antique Weapon Boutique.
 29346 | Orc:2    | Found Nunn's Antique Armour Boutique.
 29451 | Lair:1   | Bought a potion of heal wounds for 100 gold pieces
 29488 | Swamp:1  | Entered Level 1 of the Swamp
 29930 | Swamp:1  | Identified the dragon-blood talisman of Togo {Dex+3 Stlth+}
 29944 | Swamp:1  | Reached skill level 10 in Earth Magic
 30643 | Elf:1    | Entered Level 1 of the Elven Halls
 31055 | Orc:2    | Reached XP level 16. HP: 111/113 MP: 24/26
 32497 | Swamp:2  | Learned a level 4 spell: Cause Fear
 32677 | Swamp:2  | Noticed a fenstrider witch
 32686 | Swamp:2  | Killed a fenstrider witch
 32818 | Swamp:2  | Noticed a fenstrider witch
 32822 | Swamp:2  | Paralysed by a fenstrider witch for 5 turns
 32840 | Swamp:2  | Killed a fenstrider witch
 33003 | Swamp:2  | Noticed a thorn hunter
 33012 | Swamp:2  | Killed a thorn hunter
 33013 | Swamp:2  | Reached skill level 1 in Hexes
 33488 | Lair:1   | Bought 2 potions of brilliance for 160 gold pieces
 33488 | Lair:1   | Bought 2 potions of curing for 120 gold pieces
 33488 | Lair:1   | Bought a potion of magic for 160 gold pieces
 33488 | Lair:1   | Bought a potion of berserk rage for 100 gold pieces
 33488 | Lair:1   | Bought a potion of brilliance for 80 gold pieces
 33488 | Lair:1   | Bought a potion of mutation for 160 gold pieces
 33488 | Lair:1   | Bought a potion of might for 80 gold pieces
 33488 | Lair:1   | Gained mutation: One of your tentacles bears a spike.
                  | [potion of mutation]
 33488 | Lair:1   | Gained mutation: You are weak. (Str -2) [potion of
                  | mutation]
 33893 | D:13     | Found a frozen archway.
 34047 | D:13     | Found a gate to the Vaults.
 34048 | D:13     | Noticed a tengu reaver
 34061 | D:13     | Killed a tengu reaver
 34062 | D:13     | Reached skill level 14 in Unarmed Combat
 34919 | Swamp:3  | Identified the +10 mace of Letat {spect, rPois Will++
                  | Int+3}
 34931 | Swamp:3  | Paralysed by a hornet for 3 turns
 36320 | Swamp:3  | Found a runed translucent door.
 36576 | Swamp:3  | Noticed AutarchDCSS's ghost (adept VSAr)
 37208 | D:14     | Found a sparkling altar of Nemelex Xobeh.
 37266 | D:14     | Found a bloodstained altar of Trog.
 37487 | D:14     | Reached XP level 17. HP: 121/121 MP: 27/27
 38226 | Swamp:4  | Entered Level 4 of the Swamp
 38656 | Swamp:4  | HP: 3/220 [will-o-the-wisp/foxfire (16)]
 38657 | Swamp:4  | Killed from afar by a will-o-the-wisp

Illustrated notes

Levels and vault maps discovered:
D:1:      matt_arrival_los_fun, layout_loops_corners,
          ebering_ecumenical_altar_webs
D:2:      layout_basic, grunt_ministairs_4
D:3:      layout_basic, kennysheep_slug_shrine, dk_noncrumbling_3
D:4:      layout_layer_cave, kennysheep_pointless_box, uniq_grinder
D:5:      layout_cave_pools, lemuel_doored_altar, minmay_temple_entry_mini_moons
D:6:      layout_basic
D:7:      kennysheep_housing_project, layout_basic, brannock_xom_greatest_gift,
          pdpol_wu_jian_five_deadly_venoms
D:8:      layout_loops_corners, nicolae_hepliaklqana_ecumenical_no_more
D:9:      layout_roguey, mainiacjoe_overflow_boulevard, serial_glass,
          glass_columns_b, glass_columns_a, glass_columns_c, glass_columns_a
D:10:     layout_stronghold, kennysheep_okawaru_gauntlet,
          nicolae_have_a_lightning_rod
D:11:     layout_basic, erik_lair_orcish_takeover, erik_orc_4, serial_shops,
          shop, chequers_serial_rivers_large_a,
          serial_library_hellmonk_small_corner, kennysheep_generic_room_13
D:12:     layout_irregular_city, hangedman_incinerator
D:13:     layout_stronghold, hellmonk_vaults_attempted_burglary,
          portal_ice_cave_rime
D:14:     layout_loops_corners, bloody_trog, nemelex_xobeh_ov_fountains_minmay
Temple:   bh_familiar_temple
Lair:1:   beast_lair_carwin_large_3, layout_cave_pods,
          nicolae_volcano_entry_lava_flow, grunt_megastairs_4,
          infiniplex_staircase_pool_2, serial_bayou_shore_b, uniq_joseph,
          uniq_gastronok, uniq_harold
Lair:2:   layout_regular_city, infiniplex_staircase_pool, grunt_megastairs_2
Lair:3:   layout_gridlike, skrybe_swamp_entry_bodies, spider_nest_entry_rubble,
          gammafunk_ghost_icy, basic_altar
Lair:4:   layout_regular_city, gammafunk_ghost_necromancy, uniq_kirke
Lair:5:   hangedman_lair_caniforms_friends, layout_loops_ring, slime_entry_1,
          grunt_megastairs_3, lemuel_fruit_tree, serial_bayou_shore_a
Swamp:1:  layout_basic_swamp, nicolae_swamp_stuck_in_the_mud
Swamp:2:  layout_basic_swamp, nicolae_swamp_treefoil
Swamp:3:  layout_falls_marsh, ebering_ghost_reflecting_pool,
          nicolae_swamp_reclaimed_castle
Swamp:4:  swamp, layout_basic_swamp
Orc:1:    layout_caves, uniq_nergalle, uniq_snorg
Orc:2:    grunt_orc_cross, layout_caves
Elf:1:    eino_elf_arrival_sip, layout_loops_cross, serial_shops,
          bzr_in_the_mist, minmay_elf_annihilation

Skill      XL: |  1  2  3  4  5  6  7  8  9 10 11 12 13 14 15 16 17 |
---------------+----------------------------------------------------+-----
Stealth        | 3 5 6 |  6.0
Fighting       | 1 2 3 5 6 7 8 9 11 12 13 | 13.2
Conjurations   | 2 3 4 5 6 7 |  7.4
Earth Magic    | 4 5 6 7 8 10 12 | 12.3
Dodging        | 3 4 5 6 7 9 10 11 | 11.5
Spellcasting   | 3 4 5 6 7 |  7.1
Evocations     | 1 4 6 |  6.0
Shields        | 1 2 4 5 |  5.4
Unarmed Combat | 6 10 12 13 14 | 14.4
Shapeshifting  | 4 7 8 10 11 | 11.9
Hexes          | 3 |  3.8

Action                     |  1- 3 |  4- 6 |  7- 9 | 10-12 | 13-15 | 16-18 || total
---------------------------+-------+-------+-------+-------+-------+-------++-------
  Melee: Unarmed           |    59 |    19 |       |   119 |   840 |   475 ||  1512
         Constrict         |    22 |    18 |    51 |    33 |   154 |    69 ||   347
         Tentacles         |    14 |    16 |    60 |    70 |   286 |    19 ||   465
         Dagger            |       |    55 |    72 |       |       |       ||   127
         Staff             |       |       |    99 |   151 |   113 |       ||   363
         Punch             |       |       |       |    10 |    97 |    10 ||   117
   Cast: Sandblast         |    19 |    16 |     1 |     6 |       |       ||    42
         Stone Arrow       |       |     4 |    92 |   258 |   250 |    61 ||   665
 Invoke: Potion Petition   |       |       |     1 |       |       |     3 ||     4
         Call Merchant     |       |       |       |       |     3 |     1 ||     4
  Evoke: Wand              |       |       |     5 |    26 |     3 |     1 ||    35
         Lightning rod     |       |       |       |     7 |     2 |     4 ||    13
         Phial of floods   |       |       |       |       |     1 |     1 ||     2
    Use: Potion            |     1 |     4 |     6 |     5 |     7 |     5 ||    28
         Scroll            |       |     5 |     6 |     7 |     8 |     7 ||    33
   Stab: Sleeping          |     5 |    10 |     6 |     2 |     3 |     5 ||    31
         Distracted        |       |     1 |     2 |     4 |     6 |     3 ||    16
         Invisible         |       |       |     3 |       |       |       ||     3
         Petrified         |       |       |       |       |     4 |       ||     4
 Armour: Skin              |    35 |    45 |   145 |   166 |   279 |   295 ||   965
  Dodge: Dodged            |    34 |    37 |   230 |   420 |  1197 |   556 ||  2474
  Block: Other             |       |       |       |    29 |   344 |   170 ||   543
   Form: Blade             |       |       |       |       |     1 |       ||     1
         Serpent           |       |       |       |       |       |     1 ||     1

Table legend: (Time is in decaauts)
 A = Elapsed time spent in this place.
 B = Non-inter-level travel time spent in this place.
 C = Inter-level travel time spent in this place.
 D = Time resting spent in this place.
 E = Time spent auto-exploring this place.
 F = Levels seen in this place.
 G = Mean time per level.
                   A        B        C        D        E       F      G
               +--------+--------+--------+--------+--------+-----+--------+
         Total |  38511 |  36035 |   2476 |    376 |  29848 |  27 | 1426.3 |
       Dungeon |  18775 |  17569 |   1206 |     68 |  14843 |  14 | 1341.1 |
        Temple |     64 |      3 |     61 |      0 |      0 |   1 |   64.0 |
          Lair |  11858 |  11065 |    793 |    102 |   9028 |   5 | 2371.6 |
         Swamp |   4516 |   4265 |    251 |    169 |   3472 |   4 | 1129.0 |
  Orcish Mines |   3183 |   3020 |    163 |     37 |   2459 |   2 | 1591.5 |
   Elven Halls |    113 |    113 |      0 |      0 |     45 |   1 |  113.0 |
               +--------+--------+--------+--------+--------+-----+--------+

Top non-repeatable levels by time:
  Lair:1: 3432 daAuts
    D:11: 2545 daAuts
  Lair:4: 2319 daAuts
  Lair:3: 2273 daAuts
  Lair:5: 2077 daAuts
    D:10: 1795 daAuts
  Lair:2: 1756 daAuts
 Swamp:3: 1734 daAuts
     D:7: 1724 daAuts
   Orc:1: 1636 daAuts
     D:9: 1618 daAuts
     D:4: 1575 daAuts
   Orc:2: 1546 daAuts
 Swamp:2: 1466 daAuts
     D:8: 1309 daAuts
